 Dungeon Crawl Stone Soup version 0.25.0-9-g26727b657a (webtiles) character file.

Game seed: 13786879761737457318

150 Esekla the Magician (level 5, -1/26 HPs)
             Began as a Vine Stalker Air Elementalist on June 21, 2020.
             Slain by Grinder (2 damage)
             ... on level 3 of the Dungeon.
             The game lasted 00:26:27 (3443 turns).

Esekla the Magician (Vine Stalker Air Elementalist) Turns: 3443, Time: 00:26:28

Health: -1/26      AC:  4    Str: 10    XL:     5   Next: 32%
Magic:  0/11       EV: 13    Int: 16    God:
Gold:   239        SH:  0    Dex: 15    Spells: 4/11 levels left

rFire    . . .     SeeInvis .   f - +0 dagger
rCold    . . .     Gourm    .   (no shield)
rNeg     . . .     Faith    .   a - +0 robe
rPois    .         Spirit   +   (no helmet)
rElec    .         Reflect  .   t - +0 cloak
rCorr    .         Harm     .   (no gloves)
MR       .....                  h - +0 pair of boots
Stlth    +++.......             (no amulet)
HPRegen  0.48/turn              u - ring of stealth
MPRegen  0.12/turn              (no ring)

@: no status effects
A: fangs 2, regeneration 1, magic shield, antimagic bite, no potion heal 3, rot
immunity
a: no special abilities


You were on level 3 of the Dungeon.
You were very hungry.

You visited 1 branch of the dungeon, and saw 4 of its levels.

You collected 239 gold pieces.

Inventory:

Hand Weapons
 f - a +0 dagger (weapon)
Missiles
 o - 5 boomerangs (quivered)
Armour
 a - a +0 robe (worn)
 h - a +0 pair of boots (worn)
 k - a +0 buckler
 t - a +0 cloak (worn)
Jewellery
 j - an uncursed ring of resist corrosion
 u - a ring of stealth (left hand)
Scrolls
 b - a scroll of remove curse {unknown}
 d - 3 scrolls of identify
 g - a scroll of enchant armour {unknown}
 l - a scroll of magic mapping {unknown}
 m - a scroll of fear {unknown}
 n - a scroll of amnesia {unknown}
 p - a scroll of noise {unknown}
 s - a scroll of immolation {unknown}
Potions
 e - 2 potions of heal wounds
 i - 2 potions of curing
 q - a potion of berserk rage
 r - a potion of brilliance {unknown}
Comestibles
 c - 5 rations


   Skills:
 * Level 1.9 Fighting
 + Level 0.9 Short Blades
 + Level 2.2 Dodging
 + Level 2.6 Stealth
 * Level 3.7 Spellcasting
 + Level 1.4 Conjurations
 * Level 0.7 Charms
 * Level 3.0 Air Magic


You had 4 spell levels left.
You knew the following spells:

 Your Spells              Type           Power        Failure   Level  Hunger
a - Shock                 Conj/Air       ##..         7%          1    None
b - Airstrike             Air            ##........   43%         4    ####...
c - Swiftness             Chrm/Air       #.......     12%         2    ##.....

Your spell library contained the following spells:

 Spells                   Type           Power        Failure   Level  Hunger
 Static Discharge         Conj/Air       ##......     21%         3    ###....
 Lightning Bolt           Conj/Air       ##........   88%         5    ######.


Dungeon Overview and Level Annotations

Branches:
Dungeon (4/15)
 Temple: D:4-7

Altars:
Ashenzari
Gozag

Annotations:
D:3 Grinder


Innate Abilities, Weirdness & Mutations

You have extremely sharp teeth.
Your natural rate of healing is unusually fast.
When hurt, damage is shared between your health and your magic reserves.
Your bite disrupts and absorbs the magic of your enemies.
Potions cannot restore your health.
You are immune to rotting.


Message History

Grinder is moderately wounded.
Grinder hits you.
You hit Grinder.
Grinder is heavily wounded.
Grinder closely misses you.
You hit Grinder.
Grinder is heavily wounded.
Grinder hits you!
You writhe in agony.
You hit Grinder but do no damage. Your bite misses Grinder.
Grinder is heavily wounded.
Grinder hits you.
* * * LOW HITPOINT WARNING * * *
You writhe in agony.
* * * LOW HITPOINT WARNING * * *
You hit Grinder but do no damage.
Grinder is heavily wounded.
Grinder hits you.
* * * LOW HITPOINT WARNING * * *
You writhe in agony.
You die...

#........ #.####### #.#
#.####### ############.....##.
## #...........####.##.
#.####.#########.###..##.
#.'....5..........##.##..
#......####.#@#####.#.##...###
####### #.#.......###.....##
#.#..#######.......#
######.#..#####....._....
.................#.......#
........#..########.....##
#########...# ##...###
#########..### ###.##..
#...........<# #....#..


You could see Grinder.

Vanquished Creatures
  Crazy Yiuf (D:2)
  Jessica (D:2)
  An orc wizard (D:4)
  2 adders
  An adder skeleton (D:4)
  3 dart slugs (D:2)
  5 leopard geckos
  An orc (D:3)
  2 ball pythons (D:2)
  5 bats
  4 giant cockroaches
  6 goblins
  7 hobgoblins
  3 jackals (D:3)
  5 kobolds
  A quokka (D:2)
  3 frilled lizards
  2 rats (D:1)
53 creatures vanquished.

Notes
Turn   | Place    | Note
-------+----------+-------------------------------------------
     0 | D:1      | Esekla the Vine Stalker Air Elementalist began the quest
                  | for the Orb.
     0 | D:1      | Reached XP level 1. HP: 9/9 MP: 4/4
   339 | D:1      | Reached XP level 2. HP: 14/14 MP: 4/6
   464 | D:1      | Reached skill level 1 in Fighting
   907 | D:2      | Reached XP level 3. HP: 10/18 MP: 6/8
  1594 | D:2      | Found a runed translucent door.
  1595 | D:2      | Noticed Crazy Yiuf
  1762 | D:2      | Noticed Jessica
  1898 | D:2      | Killed Jessica
  1898 | D:2      | Gained mutation: Your natural rate of healing is unusually
                  | fast. [Vine Stalker growth]
  1898 | D:2      | Reached XP level 4. HP: 21/22 MP: 10/10
  1912 | D:2      | Found a shattered altar of Ashenzari.
  2346 | D:3      | Found an opulent altar of Gozag.
  2460 | D:3      | Learned a level 4 spell: Airstrike
  2463 | D:3      | Learned a level 2 spell: Swiftness
  2676 | D:4      | Noticed an ogre
  2705 | D:4      | HP: 1/23 [something/puff of flame (5)]
  3075 | D:3      | Reached XP level 5. HP: 26/26 MP: 11/11
  3213 | D:2      | Killed Crazy Yiuf
  3380 | D:3      | Noticed Grinder
  3443 | D:3      | HP: 1/26 [Grinder (2)]
  3443 | D:3      | Slain by Grinder

Illustrated notes

Levels and vault maps discovered:
D:1:      dpeg_arrival_boxorama, layout_basic
D:2:      layout_basic, evilmike_ruin_ashenzari, hex_tiny,
          uniq_crazy_yiuf_cottage, uniq_jessica
D:3:      layout_basic, lemuel_round_altar, minitemple, uniq_grinder
D:4:      layout_loops_ring, minmay_temple_entry_tees, serial_shops,
          kennysheep_mini_moat, first_ration, kennysheep_generic_room_7

Skill      XL: |  1  2  3 |
---------------+----------+-----
Fighting       | 1 |  1.9
Spellcasting   | 3 |  3.7
Dodging        | 2 |  2.2
Short Blades   | |  0.9
Stealth        | |  2.6
Conjurations   | |  1.4
Charms         | |  0.7
Air Magic      | |  3.0

Action                   |  1- 3 |  4- 6 || total
-------------------------+-------+-------++-------
Melee: Dagger            |    80 |   123 ||   203
       Bite              |    22 |    27 ||    49
 Cast: Shock             |    18 |    19 ||    37
  Use: Scroll            |       |     5 ||     5
       Potion            |       |     2 ||     2
 Stab: Sleeping          |     2 |     3 ||     5
       Distracted        |     1 |       ||     1
       Invisible         |       |     1 ||     1
  Eat: Chunk             |     3 |     4 ||     7
Armor: Robe              |    16 |    29 ||    45
Dodge: Dodged            |    51 |    92 ||   143
